 Dungeon Crawl Stone Soup version 0.29-a0-982-gaed3a0c8d8 (webtiles) character file.

Game seed: 17079363231439653731

14270 leavemydog the Severer (level 12, -7/107 HPs)
             Began as a Hill Orc Fighter on Aug 1, 2022.
             Was a Priest of Uskayaw.
             Mangled by Psyche
             ... wielding a +0 dagger of distortion
              (16 damage)
             ... on level 11 of the Dungeon.
             The game lasted 00:26:36 (14964 turns).

leavemydog the Severer (Hill Orc Fighter)          Turns: 14964, Time: 00:26:37

Health: -7/107     AC: 16    Str: 21    XL:     12   Next: 14%
Magic:  18/18      EV: 14    Int:  9    God:    Uskayaw [***...]
Gold:   1298       SH:  5    Dex: 14    Spells: 14/20 levels left

rFire   . . .      SeeInvis .   W - +3 war axe (vorpal)
rCold   . . .      Faith    .   c - +0 buckler
rNeg    . . .      Spirit   .   Q - +0 swamp dragon scales
rPois   +          Reflect  .   (helmet restricted)
rElec   .          Harm     .   q - +0 cloak
rCorr   .          Rampage  .   j - +0 pair of gloves
Will    +....                   (no boots)
Stlth   +.........              (no amulet)
HPRegen 0.27/turn               B - +4 ring of evasion
MPRegen 0.16/turn               K - +4 ring of protection

@: no status effects
A: fangs 1, horns 1, agile 1, strong-willed 1, subdued magic 1
a: Renounce Religion, Stomp, Line Pass


You were on level 11 of the Dungeon.
You worshipped Uskayaw.
Uskayaw was noncommittal.
You visited 2 branches of the dungeon, and saw 12 of its levels.
You also visited: Bailey.

You collected 1298 gold pieces.

Inventory:

Hand Weapons
 A - a +1 vorpal mace
 J - the +5 great sword "Beastbane" {elec, Str+3}
   (You found it in a bailey)

   It occasionally discharges a powerful burst of electricity upon striking a
   foe.
   Str:       It affects your strength (+3).
 W - a +3 vorpal war axe (weapon)
Missiles
 l - 11 throwing nets (quivered)
 N - 4 javelins
Armour
 c - a +0 buckler (worn)
 j - a +0 pair of gloves (worn)
 q - a +0 cloak (worn)
 Q - +0 swamp dragon scales (worn)
 S - the +6 scale mail "Teopis" {Will++ Str+4 Int-5 Stlth+}
   (You found it on level 10 of the Dungeon)

   Str:       It affects your strength (+4).
   Int:       It affects your intelligence (-5).
   Will:      It greatly increases your willpower.
   Stlth:     It makes you more stealthy.
Jewellery
 d - a ring of protection from fire
 s - a ring of resist corrosion
 v - a ring of willpower
 w - a ring of see invisible
 B - a +4 ring of evasion (left hand)
 F - a ring of wizardry
 K - a +4 ring of protection (right hand)
 U - a ring of willpower
Wands
 t - a wand of flame (55)
 z - a wand of digging (6)
 G - a wand of paralysis (8)
Scrolls
 a - a scroll of fear {unknown}
 b - a scroll of vulnerability
 e - 3 scrolls of magic mapping
 g - a scroll of amnesia {unknown}
 k - a scroll of brand weapon {unknown}
 p - 4 scrolls of teleportation
 r - a scroll of acquirement {unknown}
 u - 2 scrolls of immolation
 x - a scroll of enchant armour {unknown}
 y - a scroll of silence {unknown}
 I - a scroll of poison {unknown}
 M - a scroll of fog {unknown}
 P - 4 scrolls of noise
 R - 3 scrolls of blinking {unknown}
Potions
 i - a potion of degeneration {unknown}
 m - a potion of flight {unknown}
 n - 2 potions of mutation
 o - 5 potions of lignification
 C - a potion of resistance {unknown}
 D - 5 potions of curing
 E - 4 potions of invisibility
 H - a potion of brilliance
 O - 2 potions of attraction {unknown}
Miscellaneous
 T - a phantom mirror


   Skills:
 + Level 10.5 Fighting
 - Level 16.0 Axes
 + Level 8.6 Armour
 + Level 6.4 Shields
 * Level 4.5 Spellcasting
 * Level 4.8 Translocations
 + Level 1.9 Evocations


You had 14 spell levels left.
You knew the following spells:

 Your Spells              Type           Power      Damage    Failure   Level
a - Lesser Beckoning      Tloc           8%         N/A       17%         3
b - Gell's Gravitas       Tloc           8%         N/A       17%         3

Your spell library contained the following spells:

 Spells                   Type           Power      Damage    Failure   Level
 Apportation              Tloc           16%        N/A       5%          1
 Teleport Other           Tloc           8%         N/A       17%         3
 Necrotise                Necr           4%         1d4       41%         1
 Sandblast                Erth           2%         2d4       41%         1
 Summon Small Mammal      Summ           4%         N/A       41%         1
 Sublimation of Blood     Necr           1%         N/A       54%         2
 Wereblood                Tmut           1%         N/A       54%         2
 Dazzling Flash           Conj/Hex       2%         N/A       80%         3
 Iskenderun's Mystic Bla  Conj/Tloc      4%         2d3       85%         4
 Sticky Flame             Conj/Fire      1%         2d3       99%         4
 Alistair's Intoxication  Tmut/Pois      0%         N/A       100%        5
 Lee's Rapid Deconstruct  Erth           0%         3d5*      100%        5
 Starburst                Conj/Fire      0%         6d3       100%        6
 Summon Hydra             Summ           0%         N/A       100%        7


Dungeon Overview and Level Annotations

Branches:
Dungeon (11/15)            Temple (1/1) D:4            Lair (0/5) D:11
 Bailey (visited)
    Orc: D:9-12

Altars:
Ashenzari
Cheibriados
Dithmenos
Elyvilon
Fedhas
Gozag
Hepliaklqana
Kikubaaqudgha
Makhleb
Nemelex Xobeh
Okawaru
Qazlal
Ru
Sif Muna
Trog
Uskayaw
Vehumet
Wu Jian
Xom
Yredelemnul
Zin
The Shining One

Shops:
D:8 :   D:9 [

Annotations:
D:9 5 transporters
D:11 Psyche


Innate Abilities, Weirdness & Mutations

You have very sharp teeth.
You have a pair of small horns on your head.
You are agile. (Dex +4, Str/Int -1)
You are strong-willed. (Will+)
Your spells are a little easier to cast, but a little less powerful.


Message History

The skeletal warrior is almost destroyed.
Psyche is no longer paralysed.
The skeletal warrior hits you with a +0 glaive!!
You hit the skeletal warrior but do no damage.
Your headbutt misses the skeletal warrior.
The skeletal warrior is almost destroyed.
You closely miss the skeletal warrior.
Your headbutt misses the skeletal warrior.
The skeletal warrior is almost destroyed.
The skeletal warrior closely misses you.
You completely miss the skeletal warrior.
The skeletal warrior is almost destroyed.
Psyche looks encouraged for a moment.
The skeletal warrior hits you with a +0 glaive!
You closely miss the skeletal warrior. You headbutt the skeletal warrior.
The skeletal warrior is almost destroyed.
Psyche zaps a wand.
The roots erupt in riotous growth!
The grasping roots grab you!
The skeletal warrior is unaffected.
The grasping roots constrict you.
* * * LOW HITPOINT WARNING * * *
The skeletal warrior hits you with a +0 glaive!
* * * LOW HITPOINT WARNING * * *
You hear a shout! x5; You hear a roar!
You barely miss the skeletal warrior. You headbutt the skeletal warrior.
You bite the skeletal warrior, but do no damage.
The skeletal warrior is almost destroyed.
The grasping roots constrict you.
You slash the skeletal warrior!
You destroy the skeletal warrior!
You barely miss Psyche.
A cyclops comes into view.
Psyche hits you but does no damage. Space warps horribly around you!
* * * LOW HITPOINT WARNING * * *
The grasping roots constrict you.
* * * LOW HITPOINT WARNING * * *
Okay, then.
Okay, then.
You escape the roots grasp.
Psyche hits you but does no damage. Space warps horribly around you!
You die...

##........ .
######...####...C
#......#........#
######
#.####...######.###
......
#)#...#.#..........
#.###.
#.............#....
......
#<.........$...#
######
#...........@)##
####
#.#...#....@†..#
#.z.
#.##.#.........#
#z##
#.##.#........#....
#.#
#.##.#........#.....
#z# #.# #.........
...>..z.z#.. #.#
#.##....##. .......#
## ... ##.#.. ..
z..... .. #...#
....... P....


You could see a cyclops and Psyche.

Vanquished Creatures
  The ghost of nago the Fighter, a journeyman DjEn (D:9)
  2 two-headed ogres
  2 skeletal warriors (D:11)
  A manticore (D:6)
  Maggie (D:9)
  2 hornets
  2 trolls (D:11)
  Prince Ribbit (D:5)
  Grinder (D:5)
  2 shadows
  20 yaks
  3 wyverns
  Grum (Bailey)
  2 steam dragons
  A water moccasin (D:7)
  2 ice beasts
  5 black bears
  3 sky beasts
  3 ogres
  6 wolves (Bailey)
  4 centaurs
  2 kobold brigands (D:10)
  Blork the orc (D:5)
  2 bullfrogs
  6 gnoll sergeants (Bailey)
  3 necrophages
  2 scorpions
  A water moccasin zombie (D:4)
  8 wights
  9 killer bees (D:9)
  2 howler monkeys
  6 electric eels (D:6)
  A centaur zombie (D:4)
  3 hounds
  A human zombie (D:4)
  7 orc priests
  A jelly (D:6)
  Crazy Yiuf (D:4)
  7 gnoll boudas
  2 iguanas
  7 orc wizards
  A hound zombie (D:4)
  A mummy (D:4)
  21 gnolls
  8 adders
  2 white imps
  2 ufetubi
  3 adder zombies (D:4)
  2 worms
  4 dart slugs
  38 orcs
  5 bats
  7 endoplasms
  8 giant cockroaches
  7 goblins
  14 hobgoblins
  5 jackals
  3 quokkas
  11 ball pythons
  2 frilled lizards (D:1)
  22 kobolds
  3 rats
  A spectral goblin (D:2)
307 creatures vanquished.

Vanquished Creatures (others)
  2 fungi (D:11)
  6 plants
  2 withered plants (D:9)
10 creatures vanquished.

Grand Total: 317 creatures vanquished

Notes
Turn   | Place    | Note
-------+----------+-------------------------------------------
     0 | D:1      | leavemydog the Hill Orc Fighter began the quest for the
                  | Orb.
     0 | D:1      | Reached XP level 1. HP: 19/19 MP: 1/1
   319 | D:1      | Reached skill level 3 in Axes
   484 | D:1      | Reached XP level 2. HP: 27/27 MP: 2/2
  1114 | D:2      | Reached XP level 3. HP: 33/33 MP: 3/3
  1343 | D:2      | Reached skill level 4 in Axes
  1481 | D:2      | Found a faded altar of an unknown god.
  1966 | D:3      | Noticed a scorpion
  1971 | D:3      | Killed a scorpion
  1972 | D:3      | Reached skill level 5 in Axes
  1972 | D:3      | Reached XP level 4. HP: 24/40 MP: 4/4
  2136 | D:3      | Reached XP level 5. HP: 40/46 MP: 5/5
  2198 | D:3      | Identified the +10 spear of the Brewing Gods {freeze,
                  | rElec}
  2201 | D:3      | Found a sacrificial altar of Ru.
  2901 | D:4      | Found a staircase to the Ecumenical Temple.
  2916 | Temple   | Entered the Ecumenical Temple
  3045 | D:4      | Reached skill level 6 in Axes
  3285 | D:4      | Reached XP level 6. HP: 53/53 MP: 6/6
  3442 | D:4      | Found a burning altar of Makhleb.
  3474 | D:4      | Found a runed translucent door.
  3475 | D:4      | Noticed Crazy Yiuf
  3511 | D:4      | Found an ornate altar of the Wu Jian Council.
  3682 | D:4      | Reached skill level 7 in Axes
  4317 | D:4      | Reached XP level 7. HP: 57/60 MP: 7/7
  4326 | D:4      | Reached skill level 8 in Axes
  4607 | D:4      | Reached skill level 9 in Axes
  4612 | D:4      | Reached skill level 5 in Fighting
  4625 | D:4      | Found an ancient bone altar of Kikubaaqudgha.
  4757 | D:4      | Killed Crazy Yiuf
  4839 | D:5      | Entered Level 5 of the Dungeon
  4847 | D:5      | Reached skill level 5 in Armour
  4847 | D:5      | Reached XP level 8. HP: 41/68 MP: 8/8
  4978 | D:5      | Reached skill level 10 in Axes
  5033 | D:5      | Noticed Grinder
  5041 | D:5      | Killed Grinder
  5042 | D:5      | Reached skill level 11 in Axes
  5359 | D:5      | Found a snail-covered altar of Cheibriados.
  5523 | D:5      | Noticed Prince Ribbit
  5540 | D:5      | Killed Prince Ribbit
  5541 | D:5      | Reached skill level 12 in Axes
  5541 | D:5      | Reached XP level 9. HP: 67/75 MP: 9/9
  5593 | D:5      | Found a shimmering altar of Xom.
  5596 | D:5      | Found a sacrificial altar of Ru.
  5596 | D:5      | Found an opulent altar of Gozag.
  5598 | D:5      | Found an ancient bone altar of Kikubaaqudgha.
  5598 | D:5      | Found a glowing golden altar of the Shining One.
  5598 | D:5      | Found an opulent altar of Gozag.
  5628 | D:5      | Noticed Blork the orc
  5866 | D:5      | Killed Blork the orc
  5884 | D:5      | Found a shimmering blue altar of Sif Muna.
  6183 | D:6      | Reached skill level 13 in Axes
  6591 | D:6      | Learned a level 3 spell: Lesser Beckoning
  6643 | D:6      | Reached skill level 1 in Evocations
  7152 | D:6      | Noticed a manticore
  7279 | D:6      | Killed a manticore
  7280 | D:6      | Reached skill level 1 in Spellcasting
  7280 | D:6      | Reached skill level 1 in Translocations
  8296 | D:7      | Reached skill level 14 in Axes
  8296 | D:7      | Reached XP level 10. HP: 84/84 MP: 12/12
  9466 | D:7      | Found a glowing golden altar of the Shining One.
  9504 | D:7      | Found a hide-covered altar of Uskayaw.
  9509 | D:7      | Became a worshipper of Uskayaw the Reveller
  9583 | D:8      | Reached * piety under Uskayaw
  9585 | D:8      | Reached ** piety under Uskayaw
  9588 | D:8      | Reached *** piety under Uskayaw
  9593 | D:8      | Reached **** piety under Uskayaw
  9621 | D:8      | Found a flagged portal.
  9633 | Bailey   | Entered a bailey
  9853 | Bailey   | HP: 2/86 [gnoll sergeant/+0 glaive (12)]
 10536 | Bailey   | Noticed Grum
 10554 | Bailey   | Reached ***** piety under Uskayaw
 10562 | Bailey   | Killed Grum
 10563 | Bailey   | Reached skill level 15 in Axes
 10572 | Bailey   | Reached ****** piety under Uskayaw
 10950 | Bailey   | Reached skill level 5 in Shields
 11097 | Bailey   | Identified the +5 great sword "Beastbane" {elec, Str+3}
 11134 | Bailey   | Got the Writings on Embers and Earth
 11596 | D:8      | Found Veloim's Book Shoppe.
 11724 | D:8      | Found a blossoming altar of Fedhas.
 11800 | D:8      | Found a bloodstained altar of Trog.
 12267 | D:9      | Noticed Maggie
 12285 | D:9      | Killed Maggie
 12286 | D:9      | Reached XP level 11. HP: 77/94 MP: 15/15
 12374 | D:9      | Found a shadowy altar of Dithmenos.
 12463 | D:9      | Noticed a two-headed ogre
 12472 | D:9      | Killed a two-headed ogre
 12475 | D:9      | Reached skill level 16 in Axes
 12772 | D:9      | Found a transporter.
 12773 | D:9      | Found a transporter.
 12810 | D:9      | Found a sparkling altar of Nemelex Xobeh.
 12820 | D:9      | Found a hazy altar of Hepliaklqana.
 12889 | D:9      | Found a runed translucent door.
 12891 | D:9      | Noticed nago's ghost (journeyman DjEn)
 12967 | D:9      | Found Jiwkames's Armour Emporium.
 12968 | D:9      | Gained mutation: You are occasionally teleported next to
                  | monsters. [potion of mutation]
 12968 | D:9      | Gained mutation: You have a pair of small horns on your
                  | head. [potion of mutation]
 12968 | D:9      | Gained mutation: Your flesh is heat resistant. (rF+)
                  | [potion of mutation]
 12968 | D:9      | Gained mutation: You have a pair of horns on your head.
                  | [potion of mutation]
 12969 | D:9      | Lost mutation: Your flesh is heat resistant. (rF+) [potion
                  | of mutation]
 12969 | D:9      | Lost mutation: You have a pair of horns on your head.
                  | [potion of mutation]
 12969 | D:9      | Lost mutation: You are occasionally teleported next to
                  | monsters. [potion of mutation]
 12969 | D:9      | Gained mutation: You are strong-willed. (Will+) [potion of
                  | mutation]
 12969 | D:9      | Gained mutation: Your spells are a little easier to cast,
                  | but a little less powerful. [potion of mutation]
 12969 | D:9      | Gained mutation: You are agile. (Dex +4, Str/Int -1)
                  | [potion of mutation]
 12969 | D:9      | Gained mutation: You have very sharp teeth. [potion of
                  | mutation]
 13068 | D:9      | Found a transporter.
 13069 | D:9      | Found a transporter.
 13133 | D:9      | Found a transporter.
 13142 | D:9      | Found a transporter.
 13262 | D:9      | Killed nago's ghost
 13355 | D:10     | Entered Level 10 of the Dungeon
 13426 | D:10     | Noticed a two-headed ogre
 13595 | D:10     | Killed a two-headed ogre
 13834 | D:10     | Identified the +6 scale mail "Teopis" {Will++ Str+4 Int-5
                  | Stlth+}
 13857 | D:10     | Found a white marble altar of Elyvilon.
 14281 | D:11     | Noticed Psyche
 14284 | D:11     | Noticed a skeletal warrior
 14284 | D:11     | Noticed a skeletal warrior
 14284 | D:11     | Noticed a skeletal warrior
 14297 | D:10     | Learned a level 3 spell: Gell's Gravitas
 14485 | D:11     | Found a staircase to the Lair.
 14503 | D:11     | Reached skill level 10 in Fighting
 14503 | D:11     | Noticed a skeletal warrior
 14507 | D:11     | Reached XP level 12. HP: 100/106 MP: 18/18
 14964 | D:11     | Mangled by Psyche

Illustrated notes

Levels and vault maps discovered:
D:1:      psy_arrival_radial01, layout_loops_corners
D:2:      minmay_diamond_boxcup, layout_basic,
          dreamdust_ecumenical_altar_drowned_temple
D:3:      layout_basic, nicolae_ru_great_annihilating_truth, dk_noncrumbling_4,
          chequers_serial_rivers_large_a
D:4:      layout_basic, mainiacjoe_overflow_tiny_flanked,
          lemuel_mausoleum_altar_kikubaaqudgha, lemuel_crystal_altar,
          minmay_temple_entry_sparse_star, uniq_crazy_yiuf_cottage
D:5:      cheibrodos_iron_armory, layout_rooms, doesnt_xom_only_xom,
          cheibriados_altar_1, tgw_sif, uniq_prince_ribbit1, uniq_grinder
D:6:      cheibrodos_two_vegetables, layout_basic, minivault_14, hex_large
D:7:      corexii_shack_village, layout_loops_ring,
          mainiacjoe_overflow_two_lobes, serial_glass, glass_columns_a,
          glass_columns_a, glass_columns_a, glass_columns_a, glass_columns_b,
          glass_columns_c, glass_columns_a, glass_columns_b, glass_columns_c,
          glass_columns_b
D:8:      statuecave_lemuel, layout_basic, mainiacjoe_overflow_big_doors,
          serial_shops, kennysheep_little_box, enter_bailey_4
D:9:      layout_irregular_city, lemuel_doored_altar,
          mainiacjoe_overflow_concentric_impassable,
          nicolae_overflow_crystal_walls, gammafunk_ghost_grave, serial_shops,
          nicolae_shop_waterfront, serial_nicolae_subway,
          nicolae_sub_station_metal, nicolae_sub_station_crystal,
          nicolae_sub_station_stone, uniq_maggie
D:10:     layout_rooms, elyvilon_altar_3, small_statue_alley_b
D:11:     layout_loops_ring, david_lair_generic, serial_shops,
          nicolae_shop_bloodbath_and_beyond, nicolae_shop_hallway_plus,
          nicolae_shop_temple_entry_statues_fountains,
          nicolae_shop_advertising_works [nicolae_subvault_shop_adworks],
          nicolae_lakefront_shop, uniq_psyche
Temple:   nicolae_temple_ecumenical_triangle

Skill      XL: |  1  2  3  4  5  6  7  8  9 10 11 |
---------------+----------------------------------+-----
Axes           | 3 5 6 7 9 12 14 15 16 | 16.0
Fighting       | 4 5 6 8 10 | 10.5
Armour         | 4 5 6 7 8 |  8.6
Shields        | 4 5 6 |  6.4
Evocations     | 1 |  1.9
Spellcasting   | 1 3 4 |  4.5
Translocations | 1 3 4 |  4.8

Action                   |  1- 3 |  4- 6 |  7- 9 | 10-12 || total
-------------------------+-------+-------+-------+-------++-------
Melee: War axe           |   103 |   128 |   227 |   463 ||   921
       Headbutt          |       |       |       |    31 ||    31
       Bite              |       |       |       |    12 ||    12
Invok: Stomp             |       |       |       |     1 ||     1
       Line Pass         |       |       |       |     1 ||     1
Evoke: Wand              |       |       |    18 |       ||    18
  Use: Scroll            |       |     4 |     3 |     5 ||    12
       Potion            |       |     1 |       |    11 ||    12
 Stab: Paralysed         |       |     1 |       |    40 ||    41
       Confused          |       |       |       |     1 ||     1
Armor: Scale mail        |    40 |    54 |    63 |    94 ||   251
       Swamp dragon scal |       |       |       |    62 ||    62
Dodge: Dodged            |    56 |    58 |   123 |   314 ||   551
Block: Buckler           |    22 |    28 |    38 |    95 ||   183

Table legend: (Time is in decaauts)
 A = Elapsed time spent in this place.
 B = Non-inter-level travel time spent in this place.
 C = Inter-level travel time spent in this place.
 D = Time resting spent in this place.
 E = Time spent auto-exploring this place.
 F = Levels seen in this place.
 G = Mean time per level.
                   A        B        C        D        E       F      G
               +--------+--------+--------+--------+--------+-----+--------+
         Total |  14967 |  14533 |    434 |   4236 |   8378 |  13 | 1151.3 |
       Dungeon |  13297 |  12863 |    434 |   3196 |   7943 |  11 | 1208.8 |
        Temple |     51 |     51 |      0 |      0 |     30 |   1 |   51.0 |
        Bailey |   1619 |   1619 |      0 |   1039 |    405 |   1 | 1619.0 |
               +--------+--------+--------+--------+--------+-----+--------+

Top non-repeatable levels by time:
     D:6: 2204 daAuts
     D:4: 1905 daAuts
  Bailey: 1619 daAuts
    D:10: 1272 daAuts
     D:9: 1262 daAuts
     D:5: 1258 daAuts
     D:7: 1257 daAuts
     D:1: 1111 daAuts
     D:3: 960 daAuts
     D:8: 940 daAuts
     D:2: 895 daAuts
    D:11: 228 daAuts
  Temple: 51 daAuts
